Map: Frozen Temple

Players

Snute

  • Race: Zerg Zerg

PtitDrogo - Winner!

  • Race: Protoss Protoss

Event: 2016 WCS Global Finals

VOD

Have the link to the VOD?

Description

Time

  • Played on: Oct. 27, 2016, 4:17 p.m.
  • Length: 9:10

All games in this series

Show
View Real Time Build Order
Export as new Build Order

Snute Zerg 

Build Orders: Hatch First 

Get SALT Encoding   

  12  0:00  Drone  
  13  0:12  Overlord  
  13  0:16  Drone  
  14  0:30  Drone x2  
  14  0:34  Drone  
  17  0:51  Hatchery  
  17  0:54  Drone  
  17  0:57  Drone  
  17  1:01  Extractor  
  17  1:13  Spawning Pool  
  17  1:16  Drone  
  17  1:20  Drone  
  18  1:28  Drone  
  19  1:38  Overlord  
  19  1:49  Drone  
  20  1:59  Queen  
  20  2:01  Metabolic Boost  
  22  2:02  Queen  
  22  2:05  Drone  
  25  2:08  Drone  
  25  2:12  Drone  
  25  2:15  Drone  
  28  2:21  Drone  
  29  2:24  Drone  
  30  2:32  Drone  
  31  2:40  Hatchery  
  31  2:42  Overlord  
  30  2:44  Zergling x2  
  30  2:46  Zergling x2  
  32  2:55  Drone  
  32  2:57  Drone  
  34  3:06  Drone x3  
  34  3:07  Drone  
  34  3:08  Drone  
  34  3:09  Drone  
  34  3:10  Drone x2  
  42  3:17  Roach Warren  
  41  3:20  Overlord  
  41  3:22  Drone  
  42  3:28  Queen  
  44  3:37  Overlord  
  44  3:38  Overlord  
  44  3:58  Roach x6  
  44  3:59  Roach  
  57  4:03  Zergling x2  
  57  4:04  Zergling x2  
  59  4:13  Zergling x18  
  68  4:22  Overlord  
  68  4:26  Zergling x4  
  70  4:43  Zergling x2  
  70  4:44  Zergling x4  
  71  4:50  Drone x2, Lair  
  71  4:51  Drone  
  74  4:56  Drone  
  74  4:57  Drone x4  
  79  5:00  Drone x3, Overlord  
  79  5:02  Overlord  
  79  5:04  Overlord  
  79  5:06  Overlord  
  82  5:10  Drone, Extractor  
  82  5:11  Drone, Extractor  
  82  5:15  Overlord  
  83  5:21  Drone x2  
  83  5:22  Drone  
  83  5:28  Roach x5  
  93  5:29  Zergling x2  
  93  5:30  Zergling x6  
  95  5:38  Zergling x2  
  95  5:39  Zergling x4  
  84  5:50  Drone x3  
  82  5:59  Overseer  
  77  6:05  Drone x8  
  77  6:06  Drone  
  84  6:14  Drone  
  84  6:15  Drone  
  84  6:16  Drone  
  87  6:19  Ravager  
  88  6:28  Ravager  
  88  6:29  Zergling x10  
  94  6:35  Overseer  
  94  6:36  Zergling x2  
  94  6:37  Spore Crawler  
  94  6:39  Spore Crawler  
  93  6:43  Zergling x8  
  93  6:44  Zergling x2  
  94  6:47  Ravager  
  94  6:53  Zergling x6  
  97  6:54  Queen  
  97  6:57  Ravager  
  97  7:00  Zergling x8  
  103  7:05  Ravager  
  103  7:07  Zergling x2  
  105  7:10  Drone x2  
  103  7:16  Drone  
  104  7:25  Roach  
  104  7:26  Roach x5  
  113  7:36  Drone x3  
  106  7:37  Baneling Nest  
  106  7:40  Extractor  
  106  7:43  Zergling x2  
  105  7:47  Hatchery  
  104  7:54  Zergling x6  
  104  7:55  Zergling x6  
  110  7:58  Ravager  
  110  7:59  Ravager  
  112  8:07  Zergling x8  
  112  8:10  Overlord  
  116  8:13  Zergling x10  
  116  8:16  Overlord  
  121  8:20  Baneling x13  
  121  8:25  Baneling x2  
  121  8:28  Zergling x6  
  121  8:32  Zergling x2  
  121  8:33  Zergling x8  
  129  8:34  Ravager  
  119  8:48  Zergling x2  
  119  8:49  Zergling x14  
Show
View Real Time Build Order
Export as new Build Order

PtitDrogo Protoss - Winner!

Build Orders: 1 Gate Expand, Mass Adepts, Dark Templar Rush 

Get SALT Encoding   

  12  0:00  Probe (Chrono Boost)  
  13  0:11  Probe (Chrono Boost)  
  14  0:18  Pylon  
  14  0:21  Probe (Chrono Boost)  
  15  0:36  Probe (Chrono Boost)  
  15  0:38  Gateway  
  16  0:47  Probe (Chrono Boost)  
  16  0:48  Assimilator  
  17  0:57  Probe (Chrono Boost)  
  18  1:08  Probe (Chrono Boost)  
  19  1:19  Nexus  
  19  1:22  Probe (Chrono Boost)  
  20  1:33  Cybernetics Core  
  20  1:35  Probe (Chrono Boost)  
  21  1:40  Assimilator  
  21  1:46  Probe (Chrono Boost)  
  22  1:50  Pylon  
  22  1:56  Probe (Chrono Boost)  
  23  2:05  Adept  
  24  2:09  Warp Gate  
  24  2:10  Probe (Chrono Boost)  
  26  2:22  Probe (Chrono Boost)  
  27  2:24  Twilight Council  
  27  2:28  Stalker  
  27  2:32  Probe (Chrono Boost)  
  27  2:34  Probe (Chrono Boost)  
  31  2:42  Probe (Chrono Boost)  
  32  2:46  Probe (Chrono Boost)  
  32  2:48  Resonating Glaives  
  33  2:53  Probe (Chrono Boost)  
  33  2:55  Adept  
  35  2:58  Probe (Chrono Boost)  
  35  3:05  Probe (Chrono Boost)  
  38  3:10  Probe (Chrono Boost)  
  39  3:15  Gateway  
  39  3:17  Probe (Chrono Boost)  
  39  3:18  Gateway  
  40  3:21  Adept  
  40  3:22  Probe (Chrono Boost)  
  43  3:29  Probe (Chrono Boost)  
  43  3:30  Pylon  
  44  3:41  Mothership Core (Chrono Boost)  
  46  3:49  Adept  
  46  3:50  Probe (Chrono Boost), Dark Shrine  
  49  4:01  Probe (Chrono Boost)  
  49  4:02  Probe (Chrono Boost)  
  51  4:06  Pylon  
  51  4:09  Nexus  
  51  4:13  Probe (Chrono Boost)  
  51  4:14  Probe (Chrono Boost)  
  54  4:24  Adept  
  54  4:25  Adept x2, Probe (Chrono Boost)  
  54  4:29  Probe (Chrono Boost)  
  54  4:30  Pylon  
  61  4:35  Robotics Facility  
  61  4:37  Probe (Chrono Boost)  
  62  4:50  Probe (Chrono Boost)  
  62  4:51  Assimilator  
  63  4:53  Pylon  
  63  4:54  Adept x3  
  63  4:56  Assimilator  
  69  5:03  Pylon  
  69  5:04  Pylon  
  69  5:05  Probe (Chrono Boost)  
  70  5:13  Probe (Chrono Boost)  
  71  5:15  Dark Templar  
  71  5:17  Probe (Chrono Boost)  
  71  5:19  Immortal  
  74  5:23  Probe (Chrono Boost)  
  74  5:25  Probe (Chrono Boost)  
  81  5:29  Probe (Chrono Boost)  
  81  5:33  Probe (Chrono Boost)  
  83  5:37  Probe (Chrono Boost)  
  83  5:40  Adept  
  83  5:41  Probe (Chrono Boost)  
  86  5:44  Probe (Chrono Boost)  
  86  5:49  Probe (Chrono Boost)  
  82  5:53  Probe (Chrono Boost)  
  75  5:57  Adept, Probe (Chrono Boost)  
  75  5:58  Adept  
  75  6:01  Gateway  
  75  6:03  Gateway  
  74  6:04  Charge  
  74  6:06  Gateway  
  74  6:07  Pylon  
  74  6:08  Forge, Probe x2 (Chrono Boost)  
  76  6:11  Immortal  
  76  6:16  Probe (Chrono Boost)  
  79  6:20  Sentry x2  
  79  6:21  Pylon, Sentry  
  79  6:25  Pylon  
  85  6:26  Pylon  
  85  6:28  Pylon  
  85  6:41  Protoss Ground Weapons Level 1  
  85  6:45  Immortal  
  85  6:47  Adept x3  
  85  6:51  Photon Cannon  
  85  6:52  Photon Cannon  
  95  6:56  Gateway  
  89  7:01  Gateway  
  89  7:04  Zealot x3  
  95  7:08  Zealot  
  95  7:09  Zealot x2  
  101  7:19  Immortal  
  101  7:25  Zealot x3  
  107  7:38  Probe x2 (Chrono Boost)  
  107  7:39  Assimilator, Probe (Chrono Boost)  
  107  7:40  Assimilator  
  107  7:41  Templar Archives  
  108  7:50  Probe (Chrono Boost)  
  110  7:52  Probe (Chrono Boost)  
  110  7:55  Probe (Chrono Boost)  
  110  7:56  Photon Cannon, Gateway, Warp Prism  
  110  7:57  Zealot  
  110  7:58  Zealot x6  
  127  8:16  Pylon  
  127  8:27  High Templar x6  
  127  8:28  Zealot  
  127  8:31  Archon x3, Nexus  
  127  8:33  Pylon  
  141  8:36  Pylon  
  141  8:47  Zealot  
  125  8:59  Zealot x6  
  125  9:00  Zealot  
Tags
 
Add a new tag
Caveats
  • Supply blocks, unpowered buildings, or Contaminate may cause inaccurate times.
  • Supply counts are checked every 10 seconds.